 Dungeon Crawl Stone Soup version 0.29-a0-284-gf9362112df (webtiles) character file.

Game seed: 6322810856893406943

1713 sammy202020 the Skirmisher (level 8, -6/68 HPs)
             Began as a Demonspawn Berserker on Mar 29, 2022.
             Was a Priest of Trog.
             Mangled by Maggie
             ... wielding a +1 morningstar of freezing
              (16 damage)
             ... on level 6 of the Dungeon.
             The game lasted 00:09:32 (4842 turns).

sammy202020 the Skirmisher (Demonspawn Berserker)   Turns: 4842, Time: 00:09:32

Health: -6/68      AC: 10    Str: 18    XL:     8   Next: 74%
Magic:  8/8        EV: 13    Int: 10    God:    Trog [***...]
Gold:   345        SH:  0    Dex: 18    Spells: 7/7 levels left

rFire   . . .      SeeInvis .   q - +0 war axe
rCold   . . .      Faith    .   (no shield)
rNeg    + . .      Spirit   .   p - +0 ring mail
rPois   .          Reflect  .   (no helmet)
rElec   .          Harm     .   y - +2 cloak {Stlth+}
rCorr   +          Rampage  .   f - +0 pair of gloves
Will    ++...                   (no boots)
Stlth   ++........              (no amulet)
HPRegen 1.21/turn               i - ring of positive energy
MPRegen 0.22/turn               b - ring "Hocwuin" {rCorr Dex+5}

@: strong-willed, mesmerised, regenerating, studying Fighting
A: hooves 1, powered by death 1, magic regeneration
a: Renounce Religion, Berserk, Trog's Hand


You were on level 6 of the Dungeon.
You worshipped Trog.
Trog was most pleased with you.
You visited 1 branch of the dungeon, and saw 6 of its levels.

You collected 345 gold pieces.

Inventory:

Hand Weapons
 a - a +1 hand axe
 q - a +0 war axe (weapon)
 s - a +0 flail
Missiles
 c - 6 boomerangs (quivered)
 m - 5 poisoned darts
 B - 2 silver javelins
Armour
 f - a +0 pair of gloves (worn)
 p - a +0 ring mail (worn)
 y - a +2 cloak of stealth (worn)
Jewellery
 b - the ring "Hocwuin" (right hand) {rCorr Dex+5}
   (You acquired it on level 2 of the Dungeon)

   [ring of resist corrosion]

   Dex:       It affects your dexterity (+5).
   rCorr:     It protects you from acid and corrosion.
 d - a ring of ice
 i - a ring of positive energy (left hand)
Scrolls
 h - 2 scrolls of vulnerability
 k - a scroll of magic mapping {unknown}
 o - 2 scrolls of teleportation
 r - a scroll of fear {unknown}
 t - a scroll of enchant weapon
 x - a scroll of enchant armour
 z - a scroll of amnesia
Potions
 e - 4 potions of heal wounds
 g - 4 potions of flight
 j - a potion of lignification {unknown}
 l - 2 potions of haste
 n - a potion of magic {unknown}
 v - a potion of attraction {unknown}
 w - a potion of mutation {unknown}
 C - a potion of brilliance {unknown}
 D - 2 potions of curing


   Skills:
 * Level 7.8 Fighting
 * Level 6.1 Axes
 * Level 5.6 Armour
 + Level 4.1 Dodging


You had 7 spell levels left.
You didn't know any spells.
Your spell library was empty.

Dungeon Overview and Level Annotations

Branches:
Dungeon (6/15)
 Temple: D:4-7

Altars:
Yredelemnul

Shops:
D:1 ?   D:3 (

Annotations:
D:6 Maggie


Innate Abilities, Weirdness & Mutations

You have large cloven feet.
You regenerate a little health from kills.
You regenerate magic rapidly.


Message History

You are too injured to fight recklessly!
You are too injured to fight recklessly!
You are too injured to fight recklessly!
You are too injured to fight recklessly!
You are too injured to fight recklessly!
You are too injured to fight recklessly!
You are too injured to fight recklessly!
You are too injured to fight recklessly!
You are too injured to fight recklessly!
You are too injured to fight recklessly!
You are too injured to fight recklessly!
You are too injured to fight recklessly!
You are too injured to fight recklessly!
Unknown command.
Your skin crawls.
You feel strong-willed. Maggie closely misses you.
You barely miss Maggie. You kick Maggie.
Maggie is lightly wounded.
Maggie misses you.
You slash Maggie!
Maggie is moderately wounded.
Maggie barely misses you.
You hit Maggie.
Maggie is moderately wounded.
Maggie barely misses you. Maggie closely misses you.
You barely miss Maggie. You kick Maggie, but do no damage.
Maggie is moderately wounded.
Maggie hits you with a +1 morningstar of freezing!
Maggie freezes you.
You slash Maggie!
Maggie is heavily wounded.
Maggie hits you with a +1 morningstar of freezing!
* * * LOW HITPOINT WARNING * * *
Maggie freezes you.
* * * LOW HITPOINT WARNING * * *
You hit Maggie. You kick Maggie.
Maggie is heavily wounded.
Maggie hits you with a +1 morningstar of freezing!
You die...

#.##.###.###.###.####
# #.##.##.###<.#....
..##.##.###..#....
##.##.....##..#....
#.#####..##..#....
#.# #..##..##### #.#
#........ . #@#
#..#.#.## #
#@#####.[<.#######
#................#
#######...........
##...#######
#.....)....
#...#.###.# #...#.#
#.# ##########...#.#
#.# #............#.#
#.#


You could see Maggie (mesmerising).

Vanquished Creatures
  Prince Ribbit (D:5)
  A wyvern (D:5)
  Eustachio (D:5)
  Menkaure (D:5)
  2 ice beasts (D:6)
  A black bear (D:4)
  4 centaurs
  Blork the orc (D:4)
  A scorpion (D:5)
  A necrophage (D:4)
  A howler monkey (D:5)
  2 orc priests
  Crazy Yiuf (D:3)
  3 iguanas
  5 adders
  An ufetubus (D:5)
  2 dart slugs (D:3)
  10 orcs
  12 ball pythons
  6 bats
  3 endoplasms
  4 giant cockroaches
  10 goblins
  2 hobgoblins
  9 jackals
  6 quokkas
  9 frilled lizards
  9 kobolds
  4 rats
113 creatures vanquished.

Vanquished Creatures (others)
  22 plants
22 creatures vanquished.

Grand Total: 135 creatures vanquished

Notes
Turn   | Place    | Note
-------+----------+-------------------------------------------
     0 | D:1      | sammy202020 the Demonspawn Berserker began the quest for
                  | the Orb.
     0 | D:1      | Reached XP level 1. HP: 18/18 MP: 1/1
   243 | D:1      | Found Qaicoe's Magic Scroll Boutique.
   349 | D:1      | Gained mutation: You regenerate a little health from kills.
                  | [demonic ancestry]
   349 | D:1      | Reached XP level 2. HP: 24/24 MP: 2/2
   554 | D:1      | Reached ** piety under Trog
   862 | D:2      | Gained mutation: You have large cloven feet. [demonic
                  | ancestry]
   862 | D:2      | Reached XP level 3. HP: 29/29 MP: 3/3
   901 | D:2      | Gained mutation: You regenerate magic rapidly. [demonic
                  | ancestry]
   901 | D:2      | Reached XP level 4. HP: 22/37 MP: 4/4
  1143 | D:2      | Found a faded altar of an unknown god.
  1281 | D:2      | Found a basalt altar of Yredelemnul.
  1645 | D:2      | Identified 2 scrolls of acquirement
  1645 | D:2      | Acquired the ring "Hocwuin" {rCorr Dex+5}
  1816 | D:3      | Found Hoicrosa's Weapon Shoppe.
  1824 | D:3      | Reached skill level 4 in Fighting
  1860 | D:3      | Found a runed translucent door.
  1861 | D:3      | Noticed Crazy Yiuf
  2053 | D:3      | Reached XP level 5. HP: 28/42 MP: 5/5
  2545 | D:3      | Killed Crazy Yiuf
  2871 | D:4      | Noticed Blork the orc
  2885 | D:4      | Killed Blork the orc
  2886 | D:4      | Reached XP level 6. HP: 26/49 MP: 6/6
  3176 | D:4      | Reached *** piety under Trog
  3592 | D:5      | Entered Level 5 of the Dungeon
  3603 | D:5      | Reached skill level 5 in Fighting
  3622 | D:5      | Noticed Eustachio
  3625 | D:5      | Noticed Prince Ribbit
  3636 | D:5      | Reached XP level 7. HP: 32/56 MP: 7/7
  3638 | D:5      | Killed Prince Ribbit
  3654 | D:5      | Killed Eustachio
  3655 | D:5      | Reached skill level 5 in Axes
  3670 | D:5      | Acquired a manual of Fighting
  3954 | D:5      | Reached skill level 6 in Fighting
  3954 | D:5      | Reached XP level 8. HP: 31/64 MP: 8/8
  4235 | D:5      | Noticed Menkaure
  4239 | D:5      | Reached skill level 5 in Armour
  4246 | D:5      | Killed Menkaure
  4377 | D:5      | Reached skill level 7 in Fighting
  4829 | D:6      | Noticed Maggie
  4842 | D:6      | Mangled by Maggie

Illustrated notes

Levels and vault maps discovered:
D:1:      giann_bridges, layout_basic, serial_shops, shop,
          serial_bayou_lagoon_a, grunt_decor_fettered, grunt_decor_one_mirror
D:2:      layout_loops_ring, basic_altar,
          shapermc_ecumenical_altar_mp_highgroup, minmay_pentomino_x4
D:3:      layout_loops_ring, serial_shops, nicolae_shop_bloodbath_and_beyond,
          uniq_crazy_yiuf_cottage
D:4:      layout_rooms, uniq_blork_the_orc
D:5:      layout_rooms, corexii_shack, uniq_eustachio, uniq_prince_ribbit1,
          uniq_menkaure
D:6:      layout_basic, minmay_temple_entry_fiery,
          nicolae_concentric_dashed_squares_mild, uniq_maggie

Skill      XL: |  1  2  3  4  5  6  7  8 |
---------------+-------------------------+-----
Armour         | 2 3 4 5 |  5.6
Dodging        | 2 3 4 |  4.1
Axes           | 3 4 5 6 |  6.1
Fighting       | 4 5 6 7 |  7.8

Action                   |  1- 3 |  4- 6 |  7- 9 || total
-------------------------+-------+-------+-------++-------
Melee: Hand axe          |   102 |    99 |       ||   201
       Kick              |     3 |    31 |    27 ||    61
       War axe           |       |    52 |    69 ||   121
       Punch             |       |       |     2 ||     2
Throw: Boomerang         |    17 |    43 |     6 ||    66
Invok: Berserk           |     1 |     3 |     1 ||     5
       Trog's Hand       |     1 |     1 |     1 ||     3
  Use: Scroll            |       |     4 |    12 ||    16
 Stab: Sleeping          |     1 |     1 |     1 ||     3
Armor: Animal skin       |    26 |       |       ||    26
       Ring mail         |       |    54 |    44 ||    98
Dodge: Dodged            |    69 |    85 |    67 ||   221

Table legend: (Time is in decaauts)
 A = Elapsed time spent in this place.
 B = Non-inter-level travel time spent in this place.
 C = Inter-level travel time spent in this place.
 D = Time resting spent in this place.
 E = Time spent auto-exploring this place.
 F = Levels seen in this place.
 G = Mean time per level.
                   A        B        C        D        E       F      G
               +--------+--------+--------+--------+--------+-----+--------+
         Total |   4974 |   4888 |     86 |     38 |   3763 |   6 |  829.0 |
       Dungeon |   4974 |   4888 |     86 |     38 |   3763 |   6 |  829.0 |
               +--------+--------+--------+--------+--------+-----+--------+

Top non-repeatable levels by time:
     D:3: 1096 daAuts
     D:5: 931 daAuts
     D:1: 892 daAuts
     D:2: 874 daAuts
     D:4: 825 daAuts
     D:6: 354 daAuts
